 Dungeon Crawl Stone Soup version 0.25-a0-280-gfa4545f159 (webtiles) character file.

Game seed: 15269825404928815653, levelgen mode: deterministic

66517 Goblin1989 the Thaumaturge (level 15, -1/115 HPs)
             Began as a Gnoll Wizard on Dec 9, 2019.
             Was the Champion of Cheibriados.
             Slain by a +7 long sword (14 damage)
             ... on level 13 of the Dungeon on Dec 11, 2019.
             The game lasted 02:30:49 (28253 turns).

Goblin1989 the Thaumaturge (Gnoll Wizard)          Turns: 28253, Time: 02:30:50

Health: -1/115     AC: 16    Str: 25    XL:     15   Next: 20%
Magic:  12/30      EV: 20    Int: 42    God:    Cheibriados [******]
Gold:   753        SH:  0    Dex: 24    Spells: 5/37 levels left

rFire    + + .     SeeInvis .   a - +9 eveningstar
rCold    + . .     Gourm    .   (no shield)
rNeg     + . .     Faith    .   K - +2 scale mail "Tuwoiv Saxu" {rF++ rC+ rN+ Dex-4}
rPois    .         Spirit   .   W - +0 hat
rElec    .         Reflect  .   H - +0 cloak
rCorr    .         Harm     .   X - +2 pair of gloves
MR       +++..                  A - +0 pair of boots
Stlth    ++++......             r - amulet of regeneration
HPRegen  0.69/turn              D - ring of protection from magic
MPRegen  0.22/turn              m - ring of protection from magic

@: very slow
A: distributed training, fangs 1, strong nose
a: Bend Time, Temporal Distortion, Slouch, Step From Time, Renounce Religion


You were on level 13 of the Dungeon.
You worshipped Cheibriados.
Cheibriados was exalted by your worship.
You were hungry.

You visited 3 branches of the dungeon, and saw 21 of its levels.

You collected 2348 gold pieces.
You spent 1595 gold pieces at shops.

Inventory:

Hand Weapons
 a - a +9 eveningstar (weapon)
 n - a +0 short sword of venom
 Q - the +3 hand axe of Slow Death {drain, rElec}
   (You found it on level 4 of the Dungeon)

   A truly terrible weapon, it drains the life of those it strikes.
   It insulates you from electricity.
 S - a +0 short sword of holy wrath
 U - a +3 dagger of distortion {!w}
Missiles
 d - 28 boomerangs (quivered)
 h - 523 stones {@Q3}
 o - 161 sling bullets
 x - 85 bolts
 y - 9 curare-tipped darts
 C - 15 javelins {@Q2}
 O - 5 silver boomerangs
 Y - 284 arrows
 Z - 5 throwing nets {!d , @Q1}
Armour
 v - the +4 leather armour of the Harvest {Regen+}
   (You found it on level 6 of the Lair of Beasts)

   It increases your rate of regeneration.
 A - a +0 pair of boots (worn)
 H - a +0 cloak (worn)
 K - the +2 scale mail "Tuwoiv Saxu" (worn) {rF++ rC+ rN+ Dex-4}
   (You found it on level 3 of the Lair of Beasts)

   It affects your dexterity (-4).
   It greatly protects you from fire.
   It protects you from cold.
   It protects you from negative energy.
 W - a +0 hat (worn)
 X - a +2 pair of gloves (worn)
Magical Staves
 b - an uncursed staff of conjuration {!a}
Jewellery
 f - an uncursed ring of protection from fire
 g - an uncursed ring of resist corrosion
 m - a ring of protection from magic (right hand)
 r - an amulet of regeneration (around neck)
 z - an uncursed ring of protection from fire
 D - a ring of protection from magic (left hand)
Wands
 j - a wand of iceblast (20) {@v4}
 I - a wand of acid (11) {@v2}
Scrolls
 s - a scroll of enchant weapon
 w - 2 scrolls of enchant armour
 B - a scroll of blinking
 E - a scroll of fog
 F - a scroll of vulnerability
 M - a scroll of magic mapping
 N - a scroll of summoning
 P - 7 scrolls of immolation
 R - a scroll of identify {@r1}
 T - 8 scrolls of teleportation {!r, @r2}
 V - 11 scrolls of remove curse {@r3}
Potions
 i - 7 potions of mutation {!q}
 k - 2 potions of invisibility
 l - 3 potions of magic
 p - 14 potions of curing {@q1}
 q - a potion of resistance {@q6}
 t - 2 potions of cancellation
 u - 2 potions of heal wounds
 G - a potion of ambrosia
 J - 3 potions of flight
 L - 4 potions of brilliance
Comestibles
 e - 31 rations


   Skills:
 + Level 9.7 Fighting
 + Level 9.7 Short Blades
 + Level 9.7 Long Blades
 + Level 9.7 Axes
 + Level 9.7 Maces & Flails
 + Level 9.7 Polearms
 + Level 9.7 Staves
 + Level 9.7 Slings
 + Level 9.7 Bows
 + Level 9.7 Crossbows
 + Level 9.7 Throwing
 + Level 9.7 Armour
 + Level 10.7 Dodging
 + Level 10.5 Stealth
 + Level 9.7 Shields
 + Level 9.7 Unarmed Combat
 + Level 11.8 Spellcasting
 + Level 8.5 Conjurations
 + Level 8.1 Hexes
 + Level 8.1 Charms
 + Level 8.5 Summonings
 + Level 8.1 Necromancy
 + Level 8.5 Translocations
 + Level 8.1 Transmutations
 + Level 8.1 Fire Magic
 + Level 8.1 Ice Magic
 + Level 8.1 Air Magic
 + Level 8.1 Earth Magic
 + Level 8.1 Poison Magic
 + Level 10.5 Invocations
 + Level 9.7 Evocations


You had 5 spell levels left.
You knew the following spells:

 Your Spells              Type           Power        Failure   Level  Hunger
a - Animate Skeleton      Necr           N/A          1%          1    None
b - Fireball              Conj/Fire      #######...   2%          5    None
c - Sticks to Snakes      Tmut           #######.     1%          2    None
d - Blink                 Tloc           N/A          1%          2    None
e - Ice Form              Ice/Tmut       #######.     1%          4    None
j - Conjure Flame         Conj/Fire      #######.     1%          3    None
m - Mephitic Cloud        Conj/Pois/Air  #######.     1%          3    None
y - Song of Slaying       Chrm           #######.     1%          2    None
E - Animate Dead          Necr           N/A          1%          4    None
R - Regeneration          Chrm/Necr      #######...   1%          3    None
W - Spectral Weapon       Hex/Chrm       #######.     1%          3    None

Your spell library contained the following spells:

 Spells                   Type           Power        Failure   Level  Hunger
 Beastly Appendage        Tmut           ######       1%          1    None
 Corona                   Hex            #######      1%          1    None
 Foxfire                  Conj/Fire      ####         1%          1    None
 Infusion                 Chrm           ####         1%          1    None
 Magic Dart               Conj           ####         1%          1    None
 Pain                     Necr           ####         1%          1    None
 Call Imp                 Summ           #######.     1%          2    None
 Searing Ray              Conj           ######       1%          2    None
 Shroud of Golubria       Chrm/Tloc      ######       1%          2    None
 Slow                     Hex            #######.     1%          2    None
 Dazzling Flash           Conj/Hex       ######       1%          3    None
 Ignite Poison            Fire/Tmut/Pois #######.     1%          3    None
 Inner Flame              Hex/Fire       #######.     1%          3    None
 Portal Projectile        Hex/Tloc       ######       1%          3    None
 Spider Form              Tmut/Pois      #######...   1%          3    None
 Vampiric Draining        Necr           #######...   1%          3    None
 Cause Fear               Hex            #######...   1%          4    None
 Fulminant Prism          Conj/Hex       #######...   1%          4    None
 Iskenderun's Mystic Bla  Conj/Tloc      #######.     1%          4    None
 Leda's Liquefaction      Hex/Erth       #######...   1%          4    None
 Sticky Flame             Conj/Fire      #######.     1%          4    None
 Blade Hands              Tmut           #######...   2%          5    None
 Metabolic Englaciation   Hex/Ice        #######...   2%          5    None
 Starburst                Conj/Fire      #######...   13%         6    ##.....
 Freezing Cloud           Conj/Ice/Air   #######...   14%         6    ##.....
 Ozocubu's Refrigeration  Ice            #######...   14%         6    ##.....
 Simulacrum               Ice/Necr       #######...   14%         6    ##.....
 Ring of Flames           Chrm/Fire      #######...   61%         7    #####..
 Ignition                 Fire           #######...   99%         8    ######.


Dungeon Overview and Level Annotations

Branches:
Dungeon (13/15)            Temple (0/1) D:5            Lair (6/6) D:10
  Swamp (0/4) Lair:4       Spider (0/4) Lair:3        Slime (0/5) Lair:6
    Orc (2/2) D:9             Elf (0/3) Orc:2        Vaults (0/5) D:13

Altars:
Ashenzari
Cheibriados
Dithmenos
Kikubaaqudgha
Nemelex Xobeh
Trog
Xom
Zin
Beogh

Shops:
D:9 *   D:11 ?   Orc:1 (   Orc:2 [(=*

Annotations:
D:5 1 runed translucent door, grouchysmurf's ghost, novice OgHu
D:9 Zetait's ghost, journeyman MiBe
D:10 exclusions: door and obsidian statue
Lair:5 exclusion: downstairs
Orc:2 exclusion: upstairs


Innate Abilities, Weirdness & Mutations

Your experience applies equally to all skills.
You have very sharp teeth.
Your uncanny sense of smell can sniff out nearby items.


Message History

A sky beast comes into view.
You barely miss the hungry ghost. The hungry ghost completely misses you.
You crush the hungry ghost like a grape!!!
You destroy the hungry ghost!
Cheibriados appreciates the change of pace.
A +7 long sword comes into view.
The sky beast flickers out of sight!
Deactivating autopickup; reactivate with Ctrl-A.
A +4 long sword comes into view.
The +7 long sword hits you.
You take 1 damage, and have 114/115 hp.
You thump the +7 long sword! You bite the +7 long sword.
The +7 long sword is heavily damaged.
The +7 long sword hits you!
You take 14 damage, and have 100/115 hp.
You closely miss the +7 long sword.
The +7 long sword is heavily damaged.
The +7 long sword hits you! The +4 long sword hits you.
The +7 long sword hits you!
The +4 long sword hits you but does no damage.
You take 32 damage, and have 68/115 hp.
MASSIVE DAMAGE!!
You are too injured to fight recklessly!
You are too injured to fight recklessly!
You are too injured to fight recklessly!
You are too injured to fight recklessly!
You are too injured to fight recklessly!
You are too injured to fight recklessly!
You are too injured to fight recklessly!
You are too injured to fight recklessly!
You are too injured to fight recklessly!
You are too injured to fight recklessly!
There are monsters nearby!
Unknown command.
Casting: Fireball (safe; 2% risk of failure)
Confirm with . or Enter, or press ? or * to list all spells.
Aiming: Fireball (safe; 2% risk of failure)
Press: ? - help, Shift-Dir - straight line The fireball explodes!
The fireball engulfs something!
The fireball engulfs the +7 long sword.
The +7 long sword resists.
The +7 long sword is severely damaged.
The +7 long sword hits you but does no damage.
The +4 long sword barely misses you.
You now have 25/30 mp.
Unknown command.
Casting: Fireball (safe; 2% risk of failure)
Confirm with . or Enter, or press ? or * to list all spells.
Aiming: Fireball (safe; 2% risk of failure)
Press: ? - help, Shift-Dir - straight line The fireball explodes!
The fireball engulfs something!!
Cheibriados thoroughly appreciates the change of pace.
Reactivating autopickup.
You feel a bit more experienced.
The fireball engulfs the +7 long sword.
The +7 long sword resists.
The +7 long sword is almost destroyed.
The fireball engulfs you! You resist.
The fireball engulfs the +4 long sword.
The +4 long sword resists.
The +4 long sword is lightly damaged.
The +7 long sword barely misses you. The +4 long sword hits you!!
* * * LOW HITPOINT WARNING * * *
You take 25 damage, and have 43/115 hp.
MASSIVE DAMAGE!!
You now have 20/30 mp.
Unknown command.
Unknown command.
Casting: Fireball (safe; 2% risk of failure)
Confirm with . or Enter, or press ? or * to list all spells.
You don't know that spell.
Unknown command.
The +7 long sword hits you!
* * * LOW HITPOINT WARNING * * *
The +4 long sword closely misses you.
A worker ant comes into view.
The +7 long sword hits you.
* * * LOW HITPOINT WARNING * * *
The +4 long sword hits you.
* * * LOW HITPOINT WARNING * * *
You take 16 damage, and have 27/115 hp.
Casting: Fireball (safe; 2% risk of failure)
Confirm with . or Enter, or press ? or * to list all spells.
Okay, then.
Casting: Fireball (safe; 2% risk of failure)
Confirm with . or Enter, or press ? or * to list all spells.
You blink.
The +7 long sword barely misses you. The +4 long sword hits you!
* * * LOW HITPOINT WARNING * * *
Found a gate to the Vaults.
You take 15 damage, and have 12/115 hp.
You now have 19/30 mp.
Unknown command.
Casting: Blink (safe; 1% risk of failure)
Confirm with . or Enter, or press ? or * to list all spells.
You blink.
You now have 17/30 mp.
Casting: Blink (safe; 1% risk of failure)
Confirm with . or Enter, or press ? or * to list all spells.
Aiming: Fireball (safe; 2% risk of failure)
Press: ? - help, Shift-Dir - straight line The fireball explodes!
The fireball engulfs the +4 long sword.
The +4 long sword resists.
The +4 long sword is lightly damaged.
The fireball engulfs the +7 long sword.
The +7 long sword resists.
The +7 long sword is almost destroyed.
The worker ant barely misses you. The +7 long sword hits you!
You die...

█.. ∆ ██.. ∆
█....∆ █....
█...██ █ █
███...? ∩█∆ .█
█.....██.█ ..█
█.██..@█.█....
█.██.((a......
█.............
█.█...§.......
█.█..........█
█.███████.████
█.████ .█
█....████..
█..█......


You could see a worker ant and 2 dancing weapons.

Vanquished Creatures
  2 orc warlords (Orc:2)
  Harold (D:8)
  10 hydras
  2 two-headed ogres
  6 death yaks (Lair:6)
  An orc high priest (Orc:2)
  Urug (D:13)
  Nergalle (Orc:2)
  A wizard (Lair:6)
  A lindwurm (Lair:3)
  5 orc knights
  2 orc sorcerers (Orc:2)
  A manticore (D:13)
  An ugly thing (D:11)
  3 black mambas
  The ghost of Borgoz the Slasher, a novice GrGl (D:6)
  11 spiny frogs
  Psyche (D:8)
  An elephant (Lair:6)
  2 gargoyles (D:12)
  5 orange demons (D:12)
  6 rime drakes
  11 komodo dragons
  3 red devils (D:12)
  A tyrant leech (Lair:4)
  2 polar bears
  3 hornets
  8 trolls
  3 blink frogs
  5 dream sheep (Lair:4)
  6 hippogriffs
  A vampire (D:9)
  7 spriggans (Lair:1)
  A tarantella (Lair:3)
  5 basilisks
  2 wyverns (D:12)
  A human (D:9)
  35 yaks
  3 hungry ghosts
  2 vampire mosquitoes (D:12)
  A warg (Orc:2)
  4 swamp worms (Lair:4)
  16 water moccasins
  A hell hound (Lair:6)
  13 porcupines
  3 black bears
  6 ice beasts
  3 phantoms
  5 sky beasts
  2 eyes of draining
  41 orc warriors
  11 ogres
  A necrophage (D:9)
  9 wolves
  5 centaurs
  15 crocodiles
  10 bullfrogs
  2 big kobolds
  A gnoll sergeant (D:10)
  3 scorpions
  20 killer bees
  8 wights
  3 howler monkeys
  6 crimson imps
  A centaur zombie (D:10)
  4 centaur skeletons
  5 hounds
  7 jellies
  19 orc priests
  2 iguanas
  24 orc wizards
  10 worker ants
  3 hound zombies
  A hound skeleton (D:5)
  4 adders
  5 gnolls (D:10)
  2 oozes (D:3)
  An adder skeleton (D:5)
  2 adder zombies
  4 worms
  A dart slug (D:4)
  9 leopard geckos
  102 orcs
  8 bats
  4 giant cockroaches
  9 goblins
  5 hobgoblins
  7 jackals
  16 kobolds
  2 quokkas
  7 frilled lizards
  A leopard gecko zombie (D:6)
  9 rats
  2 bushes (Lair:5)
  4 fungi
  5 plants (Lair:3)
638 creatures vanquished.

Vanquished Creatures (collateral kills)
  An orc sorcerer (Orc:2)
  3 elephants (Lair:5)
  3 blink frogs (Lair:5)
  Sigmund (D:2)
  2 yaks
  A porcupine (Lair:5)
  2 water moccasins (Lair:6)
  4 orc warriors (Orc:2)
  A crocodile (Lair:6)
  A bullfrog zombie (D:6)
  8 jellies (Lair:6)
  3 orc priests
  Terence (D:2)
  An orc wizard (Orc:2)
  2 adders
  A shadow imp (D:6)
  2 oozes (Lair:6)
  10 orcs
  A goblin (D:2)
  A kobold (D:2)
  A quokka zombie (D:7)
  4 fungi
  A plant (Lair:5)
55 creatures vanquished.

Vanquished Creatures (others)
  An elephant (Lair:6)
  27 fungi
  25 plants
  A withered plant (Orc:1)
54 creatures vanquished.

Grand Total: 747 creatures vanquished

Notes
Turn   | Place    | Note
-------+----------+-------------------------------------------
     0 | D:1      | Goblin1989 the Gnoll Wizard began the quest for the Orb.
     0 | D:1      | Reached XP level 1. HP: 13/13 MP: 8/8
   212 | D:1      | Reached XP level 2. HP: 18/19 MP: 1/10
  1251 | D:2      | HP: 1/20 [jackal (1)]
  1252 | D:2      | Reached XP level 3. HP: 1/25 MP: 1/11
  1618 | D:2      | Found a shadowy altar of Dithmenos.
  1759 | D:2      | Reached skill level 1 in Invocations
  1763 | D:2      | Learned a level 2 spell: Call Imp
  1767 | D:2      | Learned a level 3 spell: Conjure Flame
  1770 | D:2      | Learned a level 2 spell: Blink
  1875 | D:2      | Reached skill level 1 in Fighting
  1875 | D:2      | Reached skill level 1 in Short Blades
  1875 | D:2      | Reached skill level 1 in Long Blades
  1875 | D:2      | Reached skill level 1 in Axes
  1875 | D:2      | Reached skill level 1 in Maces & Flails
  1875 | D:2      | Reached skill level 1 in Polearms
  1875 | D:2      | Reached skill level 1 in Staves
  1875 | D:2      | Reached skill level 1 in Slings
  1875 | D:2      | Reached skill level 1 in Bows
  1875 | D:2      | Reached skill level 1 in Crossbows
  1875 | D:2      | Reached skill level 1 in Throwing
  1875 | D:2      | Reached skill level 1 in Armour
  1875 | D:2      | Reached skill level 1 in Shields
  1875 | D:2      | Reached skill level 1 in Unarmed Combat
  1875 | D:2      | Reached skill level 1 in Evocations
  1875 | D:2      | Reached XP level 4. HP: 32/32 MP: 2/13
  1910 | D:2      | Noticed Terence
  1921 | D:2      | Killed Terence
  2090 | D:2      | Found a shattered altar of Ashenzari.
  2125 | D:2      | Noticed Sigmund
  2135 | D:2      | Killed Sigmund
  2135 | D:2      | Reached skill level 1 in Hexes
  2135 | D:2      | Reached skill level 1 in Charms
  2135 | D:2      | Reached skill level 1 in Necromancy
  2135 | D:2      | Reached skill level 1 in Transmutations
  2135 | D:2      | Reached skill level 1 in Fire Magic
  2135 | D:2      | Reached skill level 1 in Ice Magic
  2135 | D:2      | Reached skill level 1 in Air Magic
  2135 | D:2      | Reached skill level 1 in Earth Magic
  2135 | D:2      | Reached skill level 1 in Poison Magic
  2135 | D:2      | Reached XP level 5. HP: 30/37 MP: 8/14
  3301 | D:3      | Noticed an ogre
  3359 | D:3      | Killed an ogre
  3359 | D:3      | Reached skill level 5 in Dodging
  3359 | D:3      | Reached XP level 6. HP: 44/44 MP: 16/16
  3941 | D:4      | Got a brightly glowing hand axe
  4045 | D:4      | Found a snail-covered altar of Cheibriados.
  4282 | D:4      | Became a worshipper of Cheibriados the Contemplative
  4351 | D:3      | Identified the +3 hand axe of Slow Death {drain, rElec}
                  | (You found it on level 4 of the Dungeon)
  4492 | D:4      | Reached XP level 7. HP: 50/50 MP: 18/18
  4806 | D:4      | Learned a level 3 spell: Mephitic Cloud
  5138 | D:4      | Found an ancient bone altar of Kikubaaqudgha.
  5188 | D:4      | Learned a level 2 spell: Sticks to Snakes
  5278 | D:4      | Noticed a moth of wrath
  5280 | D:4      | Found a bloodstained altar of Trog.
  5565 | D:4      | You fall into a shaft and drop 2 floors!
  5604 | D:5      | Entered Level 5 of the Dungeon
  5797 | D:5      | Reached * piety under Cheibriados
  5942 | D:5      | Reached skill level 5 in Stealth
  6137 | D:5      | Reached XP level 8. HP: 57/57 MP: 19/19
  6410 | D:5      | Found a runed translucent door.
  6411 | D:5      | Noticed grouchysmurf's ghost (novice OgHu)
  6513 | D:5      | Found a staircase to the Ecumenical Temple.
  6980 | D:6      | Found a runed translucent door.
  6982 | D:6      | Noticed Borgoz's ghost (novice GrGl)
  7022 | D:6      | Reached skill level 8 in Spellcasting
  7307 | D:6      | Goblin1989: !lg yermak
  7307 | D:6      | meem: 4457. Yermak the Firebug (L3 CeFE), blasted by
                  | Sigmund (puff of flame) on D:3 on 2019-12-03 08:08:10, with
                  | 66 points after 1082 turns and 0:13:44.
  7388 | D:6      | Found a shimmering altar of Xom.
  7452 | D:6      | Found a sparkling altar of Nemelex Xobeh.
  7512 | D:6      | Reached XP level 9. HP: 47/65 MP: 21/21
  7721 | D:6      | Reached ** piety under Cheibriados
  8814 | D:7      | Reached skill level 5 in Invocations
  8871 | D:7      | Found Zin's Purification Station.
  8878 | D:7      | Found a glowing silver altar of Zin.
  8881 | D:7      | Bought 2 potions of curing for 180 gold pieces
  8954 | D:7      | Reached *** piety under Cheibriados
  9054 | D:7      | Reached XP level 10. HP: 25/73 MP: 13/22
  9750 | D:8      | Noticed Harold
  9870 | D:8      | Noticed Psyche
 10032 | D:8      | Learned a level 3 spell: Regeneration
 10037 | D:8      | Learned a level 3 spell: Spectral Weapon
 10040 | D:8      | Learned a level 2 spell: Song of Slaying
 10043 | D:8      | Learned a level 2 spell: Shroud of Golubria
 10084 | D:8      | Reached skill level 5 in Fighting
 10084 | D:8      | Reached skill level 5 in Short Blades
 10084 | D:8      | Reached skill level 5 in Long Blades
 10084 | D:8      | Reached skill level 5 in Axes
 10084 | D:8      | Reached skill level 5 in Maces & Flails
 10084 | D:8      | Reached skill level 5 in Polearms
 10084 | D:8      | Reached skill level 5 in Staves
 10084 | D:8      | Reached skill level 5 in Slings
 10084 | D:8      | Reached skill level 5 in Bows
 10084 | D:8      | Reached skill level 5 in Crossbows
 10084 | D:8      | Reached skill level 5 in Throwing
 10084 | D:8      | Reached skill level 5 in Armour
 10084 | D:8      | Reached skill level 5 in Shields
 10084 | D:8      | Reached skill level 5 in Unarmed Combat
 10084 | D:8      | Reached skill level 5 in Evocations
 10307 | D:9      | Found a roughly hewn altar of Beogh.
 10358 | D:9      | Found Butaenie's Demolitions Depot.
 10467 | D:9      | Reached **** piety under Cheibriados
 10534 | D:9      | HP: 3/74 [vampire/vampiric draining (12)]
 10636 | D:9      | Reached skill level 9 in Spellcasting
 10806 | D:9      | Found a staircase to the Orcish Mines.
 10830 | D:9      | Reached skill level 5 in Conjurations
 10830 | D:9      | Reached skill level 5 in Summonings
 10830 | D:9      | Reached skill level 5 in Translocations
 11167 | D:9      | Learned a level 4 spell: Ice Form
 11306 | D:9      | Reached ***** piety under Cheibriados
 11453 | D:10     | Entered Level 10 of the Dungeon
 11606 | D:10     | Reached XP level 11. HP: 44/81 MP: 24/24
 11936 | D:10     | Found a staircase to the Lair.
 12113 | D:10     | Noticed an obsidian statue
 12266 | D:10     | Reached skill level 5 in Hexes
 12266 | D:10     | Reached skill level 5 in Charms
 12266 | D:10     | Reached skill level 5 in Necromancy
 12266 | D:10     | Reached skill level 5 in Transmutations
 12266 | D:10     | Reached skill level 5 in Fire Magic
 12266 | D:10     | Reached skill level 5 in Ice Magic
 12266 | D:10     | Reached skill level 5 in Air Magic
 12266 | D:10     | Reached skill level 5 in Earth Magic
 12266 | D:10     | Reached skill level 5 in Poison Magic
 12538 | D:10     | Paralysed by a hornet for 2 turns
 12543 | D:10     | Paralysed by a hornet for 1 turns
 12719 | Lair:1   | Entered Level 1 of the Lair of Beasts
 12784 | Lair:1   | Reached ****** piety under Cheibriados
 12947 | Lair:1   | You fall into a shaft and drop 1 floor!
 13414 | Lair:1   | Reached XP level 12. HP: 89/89 MP: 18/25
 13621 | Lair:1   | Got a spiked ring mail
 13658 | Lair:1   | Identified the cursed +1 ring mail "Ahexkakh" {Dex+5} (You
                  | found it on level 1 of the Lair of Beasts)
 14229 | D:6      | Killed Borgoz's ghost
 14231 | D:6      | Noticed a two-headed ogre
 14240 | D:6      | Killed a two-headed ogre
 14240 | D:6      | Reached skill level 10 in Spellcasting
 14793 | Lair:2   | Noticed a death yak
 14798 | Lair:2   | Noticed a death yak
 15397 | Lair:3   | Found a hole to the Spider Nest.
 15617 | Lair:3   | Noticed an eight-headed hydra
 15632 | Lair:3   | Goblin1989: &dump yermak
 15632 | Lair:3   | meem:
                  | http://CRAWL.XTAHUA.COM/crawl/morgue/Yermak/Yermak.txt
 15865 | Orc:1    | Entered Level 1 of the Orcish Mines
 15947 | Orc:1    | Noticed an orc warlord
 16133 | Orc:2    | Entered Level 2 of the Orcish Mines
 16152 | Orc:2    | Learned a level 1 spell: Animate Skeleton
 16157 | Orc:2    | Learned a level 4 spell: Animate Dead
 16242 | Orc:2    | Found a staircase to the Elven Halls.
 16287 | Orc:2    | Noticed an orc warlord
 17068 | Orc:2    | Noticed an orc high priest
 17078 | Orc:2    | Killed an orc warlord
 17078 | Orc:2    | Reached XP level 13. HP: 14/98 MP: 12/27
 17506 | Orc:1    | Found Gasusmis's Antique Weapon Shop.
 17511 | Orc:1    | Found a runed translucent door.
 17512 | Orc:1    | Found a runed translucent door.
 17513 | Orc:1    | Noticed Zetait's ghost (journeyman MiBe)
 17707 | D:9      | Bought a book of Fire for 1040 gold pieces
 17719 | D:9      | Learned a level 5 spell: Fireball
 17919 | Lair:3   | You fall into a shaft and drop 3 floors!
 17919 | Lair:6   | Entered Level 6 of the Lair of Beasts
 17920 | Lair:6   | Goblin1989: You fall into a shaft and drop 3 floors!
 17920 | Lair:6   | Goblin1989: blya
 18569 | Lair:3   | Got a spiked scale mail
 18657 | Lair:3   | Identified the +2 scale mail "Tuwoiv Saxu" {rF++ rC+ rN+
                  | Dex-4} (You found it on level 3 of the Lair of Beasts)
 18950 | Lair:4   | Upgraded the game from 0.25-a0-277-g7046ed1b37 to
                  | 0.25-a0-280-gfa4545f159
 19689 | Lair:4   | Found a staircase to the Swamp.
 20540 | Lair:5   | Reached skill level 11 in Spellcasting
 21570 | Lair:5   | Reached XP level 14. HP: 87/106 MP: 9/29
 21664 | Lair:6   | Identified the +4 leather armour of the Harvest {Regen+}
                  | (You found it on level 6 of the Lair of Beasts)
 21714 | Lair:6   | Found a staircase to the Slime Pits.
 21844 | Lair:6   | Reached skill level 10 in Dodging
 22550 | Lair:6   | Reached skill level 10 in Stealth
 22759 | Lair:6   | Reached skill level 10 in Invocations
 23651 | Orc:1    | Found a roughly hewn altar of Beogh.
 24132 | Orc:2    | Noticed Nergalle
 24315 | Orc:2    | Found a roughly hewn altar of Beogh.
 24325 | Orc:2    | Killed an orc warlord
 24327 | Orc:2    | Killed Nergalle
 24348 | Orc:2    | Found Gerr's Antique Armour Emporium.
 24352 | Orc:2    | Found Umicangy's Antique Weapon Emporium.
 24655 | Orc:2    | Found Jucaub's General Store.
 24798 | Orc:2    | Found Hepseul's Jewellery Emporium.
 24805 | Orc:2    | Bought an uncursed ring of protection from magic for 375
                  | gold pieces
 24874 | D:8      | Killed Harold
 24986 | D:8      | Killed Psyche
 25142 | D:11     | Found Jedeng's Magic Scroll Boutique.
 25633 | D:11     | Identified the Catalogue of the Harmful Arsonist
 25831 | D:11     | Paralysed by a hornet for 2 turns
 26319 | D:12     | Reached XP level 15. HP: 32/114 MP: 17/30
 26700 | D:12     | Paralysed by a hornet for 2 turns
 26707 | D:12     | Paralysed by a hornet for 2 turns
 27678 | D:13     | Noticed Urug
 27980 | D:13     | Killed Urug
 28251 | D:13     | Found a gate to the Vaults.
 28253 | D:13     | Slain by a +7 long sword

Levels and vault maps discovered:
D:1:      psy_arrival_fountain, layout_basic, serial_forest,
          infiniplex_forest_end_2, infiniplex_forest_clump_diagonal,
          infiniplex_forest_lined_2, infiniplex_forest_lined_room_
D:2:      layout_rooms, lemuel_crystal_altar, lemuel_crystal_altar,
          first_ration, uniq_sigmund, uniq_terence
D:3:      minmay_recursive_quarters, layout_rooms
D:4:      layout_loops_corners, kennysheep_slug_shrine, lemuel_round_altar,
          tgw_trog
D:5:      layout_basic, minmay_temple_entry_fiery, ebering_ghost_reflecting_pool
D:6:      layout_basic, nemelex_altar_shiori, tgw_xom,
          ebering_ghost_inner_flame, kennysheep_another_room
D:7:      layout_loops_ring, zin_purify, kennysheep_small_spiral
D:8:      layout_basic, uniq_harold, uniq_psyche
D:9:      layout_rooms, david_orc_5, grunt_pizzeria, nicolae_blasting_shop,
          chequers_serial_rivers_large_a
D:10:     layout_cave_pools, lair_entry_dummy, minivault_16, kennysheep_diamond
D:11:     layout_stronghold, serial_shops, shop
D:12:     layout_basic, minmay_misc_feat_hallway, minmay_beelzebubs_servants
D:13:     layout_loops_ring, erik_vaults_1, minmay_dual_archer_statues,
          uniq_urug
Lair:1:   kb_forest_paths, layout_regular_city, minivault_27, lemuel_fruit_tree,
          grunt_megastairs_4
Lair:2:   layout_cave_pods, ebering_ghost_xom, infiniplex_staircase_pool_2
Lair:3:   cheibrodos_lair_overgrown_chateau, layout_loops_ring,
          spider_nest_entry_rubble, grunt_megastairs_5
Lair:4:   layout_layer_cave, minmay_swamp_entry_worms, minmay_lair_drake_nest
Lair:5:   layout_roguey, st_stairs_8
Lair:6:   evil_forest, layout_loops_ring, minmay_slime_entry_jelly_boxes,
          grunt_forest_stairs_basic, st_stairs_11
Orc:1:    layout_caves, serial_shops, shop_statue, gammafunk_ghost_grave,
          lightli_church_of_beogh
Orc:2:    grunt_orc_cross, layout_diamond_mine

Skill      XL: |  1  2  3  4  5  6  7  8  9 10 11 12 13 14 |
---------------+-------------------------------------------+-----
Conjurations   | 2 3 4 5 6 7 8 |  8.5
Summonings     | 2 3 4 5 6 7 8 |  8.5
Translocations | 2 3 4 5 6 7 8 |  8.5
Invocations    | 1 2 3 4 5 6 7 8 9 10 | 10.5
Fighting       | 1 2 3 4 5 6 7 8 9 |  9.7
Short Blades   | 1 2 3 4 5 6 7 8 9 |  9.7
Long Blades    | 1 2 3 4 5 6 7 8 9 |  9.7
Axes           | 1 2 3 4 5 6 7 8 9 |  9.7
Maces & Flails | 1 2 3 4 5 6 7 8 9 |  9.7
Polearms       | 1 2 3 4 5 6 7 8 9 |  9.7
Staves         | 1 2 3 4 5 6 7 8 9 |  9.7
Slings         | 1 2 3 4 5 6 7 8 9 |  9.7
Bows           | 1 2 3 4 5 6 7 8 9 |  9.7
Crossbows      | 1 2 3 4 5 6 7 8 9 |  9.7
Throwing       | 1 2 3 4 5 6 7 8 9 |  9.7
Armour         | 1 2 3 4 5 6 7 8 9 |  9.7
Shields        | 1 2 3 4 5 6 7 8 9 |  9.7
Unarmed Combat | 1 2 3 4 5 6 7 8 9 |  9.7
Evocations     | 1 2 3 4 5 6 7 8 9 |  9.7
Hexes          | 1 2 3 4 5 6 7 8 |  8.1
Charms         | 1 2 3 4 5 6 7 8 |  8.1
Necromancy     | 1 2 3 4 5 6 7 8 |  8.1
Transmutations | 1 2 3 4 5 6 7 8 |  8.1
Fire Magic     | 1 2 3 4 5 6 7 8 |  8.1
Ice Magic      | 1 2 3 4 5 6 7 8 |  8.1
Air Magic      | 1 2 3 4 5 6 7 8 |  8.1
Earth Magic    | 1 2 3 4 5 6 7 8 |  8.1
Poison Magic   | 1 2 3 4 5 6 7 8 |  8.1
Dodging        | 5 6 7 8 9 10 | 10.7
Stealth        | 5 6 7 8 9 10 | 10.5
Spellcasting   | 8 9 10 11 | 11.8

Action                   |  1- 3 |  4- 6 |  7- 9 | 10-12 | 13-15 || total
-------------------------+-------+-------+-------+-------+-------++-------
Melee: Dagger            |    18 |   149 |       |       |       ||   167
       Bite              |       |    16 |    40 |   156 |   109 ||   321
       Hand axe          |       |     5 |   336 |   678 |   424 ||  1443
       Punch             |       |       |     8 |    40 |    31 ||    79
       Unarmed           |       |       |       |    96 |    95 ||   191
       Short sword       |       |       |       |       |     1 ||     1
       Eveningstar       |       |       |       |       |     4 ||     4
Throw: Dart              |    18 |    13 |    16 |    62 |     2 ||   111
       Stone             |     3 |       |       |       |       ||     3
       Javelin           |       |       |       |    10 |     2 ||    12
       Boomerang         |       |       |       |    21 |    15 ||    36
 Cast: Magic Dart        |    61 |    20 |    15 |    11 |       ||   107
       Call Imp          |     4 |    14 |    13 |     1 |       ||    32
       Blink             |       |       |     2 |     3 |     8 ||    13
       Regeneration      |       |       |       |    31 |    20 ||    51
       Ice Form          |       |       |       |    13 |    12 ||    25
       Song of Slaying   |       |       |       |     1 |       ||     1
       Spectral Weapon   |       |       |       |    12 |     2 ||    14
       Mephitic Cloud    |       |       |       |     2 |       ||     2
       Sticks to Snakes  |       |       |       |    16 |    14 ||    30
       Shroud of Golubri |       |       |       |     4 |       ||     4
       Animate Dead      |       |       |       |     3 |     4 ||     7
       Animate Skeleton  |       |       |       |     1 |    21 ||    22
       Fireball          |       |       |       |       |   159 ||   159
Invok: Slouch            |       |       |       |     2 |     4 ||     6
       Temporal Distorti |       |       |       |     1 |       ||     1
Evoke: Wand              |       |       |     5 |     5 |    19 ||    29
  Use: Scroll            |       |       |     9 |    19 |    16 ||    44
       Potion            |       |       |     1 |     4 |     1 ||     6
 Stab: Sleeping          |       |     6 |     8 |    19 |     9 ||    42
       Distracted        |       |       |     1 |     8 |     5 ||    14
       Confused          |       |       |       |     3 |       ||     3
  Eat: Chunk             |     3 |     5 |     6 |    11 |     5 ||    30
       Ration            |       |     1 |     1 |     2 |     4 ||     8
Armor: Robe              |     9 |    15 |       |       |       ||    24
       Ring mail         |       |     1 |   102 |    88 |       ||   191
       Skin              |       |       |    60 |    65 |    25 ||   150
       Troll leather arm |       |       |       |    41 |    10 ||    51
       Scale mail        |       |       |       |       |   152 ||   152
Dodge: Dodged            |    42 |    95 |   213 |   868 |   571 ||  1789

Table legend:
 A = Non-vault XP
 B = Vault XP
 C = Vault XP percentage of total XP
 D = Non-vault monster count
 E = Vault monster count
 F = Vault count percentage of total count
                 A         B        C        D         E       F
            +---------+---------+-------+---------+---------+-------
      Total |   61711 |   33314 |  35.1 |     496 |     182 |  26.8
            +---------+---------+-------+---------+---------+-------
        D:1 |      26 |       0 |   0.0 |      16 |       0 |   0.0
        D:2 |      79 |     141 |  64.1 |      25 |       2 |   7.4
        D:3 |      76 |     154 |  67.0 |      16 |      10 |  38.5
        D:4 |     227 |      13 |   5.4 |      18 |       6 |  25.0
        D:5 |     339 |       0 |   0.0 |      17 |       0 |   0.0
        D:6 |    1537 |    1425 |  48.1 |      25 |       6 |  19.4
        D:7 |    2166 |       0 |   0.0 |      30 |       0 |   0.0
        D:8 |    1044 |    1466 |  58.4 |      19 |       2 |   9.5
        D:9 |    1522 |    1213 |  44.4 |      23 |      25 |  52.1
       D:10 |    3922 |     686 |  14.9 |      45 |       2 |   4.3
       D:11 |    3156 |       0 |   0.0 |      24 |       0 |   0.0
       D:12 |    5030 |    3004 |  37.4 |      33 |       8 |  19.5
       D:13 |    2372 |     835 |  26.0 |       9 |       1 |  10.0
     Lair:1 |    5278 |    2382 |  31.1 |      27 |      12 |  30.8
     Lair:2 |    1144 |       0 |   0.0 |       6 |       0 |   0.0
     Lair:3 |    2913 |    5240 |  64.3 |      10 |      19 |  65.5
     Lair:4 |    3340 |    2031 |  37.8 |      14 |       8 |  36.4
     Lair:5 |    8069 |     647 |   7.4 |      24 |       2 |   7.7
     Lair:6 |   10878 |    6540 |  37.5 |      32 |      30 |  48.4
      Orc:1 |    2896 |     310 |   9.7 |      33 |      11 |  25.0
      Orc:2 |    5697 |    7227 |  55.9 |      50 |      38 |  43.2
            +---------+---------+-------+---------+---------+-------

Levels and vault maps discovered:
D:1:      psy_arrival_fountain, layout_basic, serial_forest,
          infiniplex_forest_end_2, infiniplex_forest_clump_diagonal,
          infiniplex_forest_lined_2, infiniplex_forest_lined_room_
D:2:      layout_rooms, lemuel_crystal_altar, lemuel_crystal_altar,
          first_ration, uniq_sigmund, uniq_terence
D:3:      minmay_recursive_quarters, layout_rooms
D:4:      layout_loops_corners, kennysheep_slug_shrine, lemuel_round_altar,
          tgw_trog
D:5:      layout_basic, minmay_temple_entry_fiery, ebering_ghost_reflecting_pool
D:6:      layout_basic, nemelex_altar_shiori, tgw_xom,
          ebering_ghost_inner_flame, kennysheep_another_room
D:7:      layout_loops_ring, zin_purify, kennysheep_small_spiral
D:8:      layout_basic, uniq_harold, uniq_psyche
D:9:      layout_rooms, david_orc_5, grunt_pizzeria, nicolae_blasting_shop,
          chequers_serial_rivers_large_a
D:10:     layout_cave_pools, lair_entry_dummy, minivault_16, kennysheep_diamond
D:11:     layout_stronghold, serial_shops, shop
D:12:     layout_basic, minmay_misc_feat_hallway, minmay_beelzebubs_servants
D:13:     layout_loops_ring, erik_vaults_1, minmay_dual_archer_statues,
          uniq_urug
Lair:1:   kb_forest_paths, layout_regular_city, minivault_27, lemuel_fruit_tree,
          grunt_megastairs_4
Lair:2:   layout_cave_pods, ebering_ghost_xom, infiniplex_staircase_pool_2
Lair:3:   cheibrodos_lair_overgrown_chateau, layout_loops_ring,
          spider_nest_entry_rubble, grunt_megastairs_5
Lair:4:   layout_layer_cave, minmay_swamp_entry_worms, minmay_lair_drake_nest
Lair:5:   layout_roguey, st_stairs_8
Lair:6:   evil_forest, layout_loops_ring, minmay_slime_entry_jelly_boxes,
          grunt_forest_stairs_basic, st_stairs_11
Orc:1:    layout_caves, serial_shops, shop_statue, gammafunk_ghost_grave,
          lightli_church_of_beogh
Orc:2:    grunt_orc_cross, layout_diamond_mine
